 Dungeon Crawl Stone Soup version 0.28.0-45-g0d030f2227 (webtiles) character file.

Game seed: 3759321851923417598

5154 Bruhh the Frost Mage (level 10, -1/74 HPs)
             Began as a Gnoll Ice Elementalist on Apr 23, 2022.
             Was an Initiate of Gozag.
             Slain by a killer bee (5 damage)
             ... on level 9 of the Dungeon.
             The game lasted 00:28:53 (15030 turns).

Bruhh the Frost Mage (Gnoll Ice Elementalist)      Turns: 15030, Time: 00:28:56

Health: -1/74      AC:  3    Str:  9    XL:     10   Next: 59%
Magic:  5/21       EV: 14    Int: 18    God:    Gozag
Gold:   244        SH:  0    Dex: 12    Spells: 16/23 levels left

rFire   . . .      SeeInvis .   D - +0 staff of Battle
rCold   . . .      Faith    .   (no shield)
rNeg    . . .      Spirit   .   g - +0 leather armour
rPois   .          Reflect  .   (no helmet)
rElec   .          Harm     .   r - scarf {shadows}
rCorr   .          Rampage  .   (no gloves)
Will    .....                   (no boots)
Stlth   +++.......              (no amulet)
HPRegen 0.22/turn               (no ring)
MPRegen 0.17/turn               (no ring)

@: gold aura, on berserk cooldown, slowed, very slow
A: fangs 1, strong nose, distributed training
a: Renounce Religion, Potion Petition, Call Merchant, Bribe Branch


You were on level 9 of the Dungeon.
You worshipped Gozag.
Gozag was aware of your devotion.
You visited 2 branches of the dungeon, and saw 10 of its levels.
You also visited: Sewer and Ossuary.

You collected 677 gold pieces.
You paid 433 gold pieces to Gozag.

Inventory:

Hand Weapons
 l - a +3 trident
 n - a +2 flail of draining
 D - the +0 staff of Battle (weapon)
   (You found it on level 8 of the Dungeon)

   It enhances your conjuration magic.
   It summons a battlesphere in combat, with strength depending on Conjurations
   skill.
   Its strikes trigger the battlesphere's blasts.
Missiles
 k - a throwing net
Armour
 a - a +0 robe
 g - a +0 leather armour (worn)
 r - a scarf of shadows (worn)
Jewellery
 y - a +6 ring of intelligence
Wands
 q - a wand of acid (1)
 u - a wand of mindburst (12)
 F - a wand of charming (3)
Scrolls
 d - 2 scrolls of immolation {unknown}
 e - 2 scrolls of magic mapping {unknown}
 f - 3 scrolls of vulnerability {unknown}
 i - 2 scrolls of holy word {unknown}
 j - 7 scrolls of teleportation {unknown}
 m - 6 scrolls of identify {unknown}
 o - a scroll of enchant weapon {unknown}
 p - 2 scrolls of fear {unknown}
 x - 3 scrolls of enchant armour {unknown}
 A - a scroll of brand weapon {unknown}
 B - a scroll of fog {unknown}
 E - a scroll of acquirement {unknown}
Potions
 b - 2 potions of curing {unknown}
 c - a potion of resistance {unknown}
 h - a potion of magic
 s - a potion of berserk rage
 t - 3 potions of haste
 v - 2 potions of brilliance {unknown}
 w - 3 potions of might
 z - 2 potions of heal wounds {unknown}
 C - 2 potions of lignification


   Skills:
 + Level 5.4 Fighting
 + Level 5.4 Short Blades
 + Level 5.4 Long Blades
 + Level 5.4 Axes
 + Level 5.4 Maces & Flails
 + Level 5.4 Polearms
 + Level 5.4 Staves
 + Level 5.4 Slings
 + Level 5.4 Bows
 + Level 5.4 Crossbows
 + Level 5.4 Throwing
 + Level 5.4 Armour
 + Level 7.2 Dodging
 + Level 6.9 Stealth
 + Level 5.4 Shields
 + Level 5.4 Unarmed Combat
 + Level 7.4 Spellcasting
 + Level 4.4 Conjurations
 + Level 4.4 Hexes
 + Level 4.4 Summonings
 + Level 4.4 Necromancy
 + Level 4.4 Translocations
 + Level 4.4 Transmutations
 + Level 4.4 Fire Magic
 + Level 8.5 Ice Magic
 + Level 4.4 Air Magic
 + Level 4.4 Earth Magic
 + Level 4.4 Poison Magic
 + Level 6.0 Invocations
 + Level 5.4 Evocations


You had 16 spell levels left.
You knew the following spells:

 Your Spells              Type           Power      Damage    Failure   Level
a - Freeze                Ice            100%       1d11      1%          1
b - Frozen Ramparts       Ice            74%        1d9       1%          3
c - Ozocubu's Armour      Ice            37%        N/A       1%          3

Your spell library contained the following spells:

 Spells                   Type           Power      Damage    Failure   Level
 Ensorcelled Hibernation  Hex/Ice        60%        N/A       1%          2
 Passwall                 Tmut/Erth      18%        N/A       3%          2
 Swiftness                Air            22%        N/A       6%          3
 Hailstorm                Conj/Ice       45%        3d10      10%         4
 Olgreb's Toxic Radiance  Pois           22%        N/A       22%         4
 Alistair's Intoxication  Tmut/Pois      14%        N/A       52%         5
 Borgnjor's Vile Clutch   Necr/Erth      11%        N/A       52%         5
 Eringya's Noxious Bog    Tmut/Pois      11%        N/A       97%         6
 Ozocubu's Refrigeration  Ice            18%        4d8       98%         7
 Ignition                 Fire           11%        3d5       100%        8


Dungeon Overview and Level Annotations

Branches:
Dungeon (9/15)             Temple (1/1) D:7           Sewer (visited)
Ossuary (visited)
   Lair: D:8-11         Orc: D:9-12

Altars:
Ashenzari
Cheibriados
Dithmenos
Elyvilon
Fedhas
Gozag
Hepliaklqana
Kikubaaqudgha
Makhleb
Okawaru
Qazlal
Ru
Sif Muna
Trog
Uskayaw
Vehumet
Wu Jian
Xom
Yredelemnul
Zin
The Shining One

Shops:
D:1 ?:


Innate Abilities, Weirdness & Mutations

You have very sharp teeth.
Your uncanny sense of smell can sniff out nearby items.
Your experience applies equally to all skills.


Message History

The wall freezes the orc warrior.
The orc warrior barely misses you.
You hit the orc warrior but do no damage.
You bite the orc warrior, but do no damage.
The orc warrior is severely wounded.
You conjure a globe of magical energy.
The wall freezes the orc warrior.
The orc warrior hits you with a +0 battleaxe!
* * * LOW HITPOINT WARNING * * *
You hit the orc warrior but do no damage.
You punch the orc warrior.
The orc warrior is almost dead.
The frozen ramparts melt away.
A killer bee comes into view.
The orc warrior hits you with a +0 battleaxe!
* * * LOW HITPOINT WARNING * * *
Aiming: Mindburst
Press: ? - help, Shift-Dir - straight line, f - orc warrior
Aim: an orc warrior, wielding a +0 battleaxe and wearing a +0 plate armour (almost dead, ally target, chance to affect: 83%)
Okay, then.
You hit the orc warrior but do no damage.
Your bite misses the orc warrior.
The orc warrior is almost dead.
The orc warrior hits you with a +0 battleaxe.
* * * LOW HITPOINT WARNING * * *
The orc warrior closely misses you.
Unknown command.
Your icy armour will break if you move.
Continue?
You swap places.
Your icy armour cracks and falls away as you move.
The orc warrior barely misses your battlesphere.
The orc warrior hits your battlesphere with a +0 battleaxe!!
Your battlesphere is destroyed!
Aiming: Corrosive Bolt
Press: ? - help, Shift-Dir - straight line, f - killer bee
Aim: a killer bee (48% to hit)
The bolt of acid hits the orc warrior.
You kill the orc warrior!
The bolt of acid misses the killer bee.
You conjure a globe of magical energy.
The killer bee stings you.
You die...
Your body crumbles into a pile of gold.

#.## #. #..## ####'
##..# #.... ######.##
#.... #.......#
###.... #.#####.#
#.+.... #.# ##.#....
$
#.########.###..#....
#.*.@y$$.#.#...##....
########o#...#######+
#.......### ###..####
#..$y## #.......
#........ #..oo.....
#......y..#


You could see a killer bee, an orc priest and a friendly battlesphere.

Vanquished Creatures
  Maggie (D:7)
  2 tengu conjurers (D:8)
  A hornet (D:9)
  Grinder (D:6)
  2 wraiths
  2 steam dragons (D:7)
  Menkaure (D:7)
  An acid dragon (D:5)
  3 orc warriors
  A black bear (D:5)
  2 sky beasts
  An ogre (D:6)
  A necrophage (D:8)
  5 centaurs
  2 kobold brigands (Sewer)
  A bullfrog (D:7)
  A gnoll sergeant (D:6)
  3 scorpions
  3 water moccasin zombies
  A wyvern zombie (D:7)
  A water moccasin skeleton (D:5)
  2 killer bees (D:9)
  8 wights
  A bullfrog zombie (D:6)
  A centaur zombie (D:9)
  A jelly (D:3)
  A bullfrog skeleton (D:6)
  A centaur skeleton (D:7)
  An orc priest (D:8)
  Crazy Yiuf (D:4)
  A hound (D:7)
  2 iguanas
  11 orc wizards
  2 killer bee zombies
  A hound zombie (D:5)
  A hound skeleton (D:4)
  3 mummies (Ossuary)
  A howler monkey zombie (D:8)
  6 gnolls
  A howler monkey skeleton (D:6)
  16 adders
  A river rat (Sewer)
  A white imp (D:5)
  3 worms
  2 dart slugs
  23 orcs
  8 endoplasms
  2 giant cockroaches (D:5)
  2 goblins (D:1)
  2 hobgoblins (D:4)
  3 jackals (D:3)
  7 kobolds
  4 quokkas
  4 ball pythons
  2 bats
  A frilled lizard (D:3)
  A gnoll zombie (Ossuary)
  A goblin zombie (Ossuary)
  2 hobgoblin zombies (Ossuary)
  2 kobold zombies (Ossuary)
  An orc zombie (Ossuary)
  A quokka zombie (D:8)
  6 rats
  A rat zombie (D:8)
178 creatures vanquished.

Vanquished Creatures (others)
  An orc wizard (D:6)
1 creature vanquished.

Grand Total: 179 creatures vanquished

Notes
Turn   | Place    | Note
-------+----------+-------------------------------------------
     0 | D:1      | Bruhh the Gnoll Ice Elementalist began the quest for the
                  | Orb.
     0 | D:1      | Reached XP level 1. HP: 13/13 MP: 6/6
   105 | D:1      | Found Leal's Book Emporium.
   244 | D:1      | Found Kewod's Magic Scroll Emporium.
   273 | D:1      | You fall into a shaft and drop 1 floor!
   279 | D:2      | Reached XP level 2. HP: 17/19 MP: 5/7
   690 | D:2      | Reached skill level 5 in Spellcasting
   690 | D:2      | Reached XP level 3. HP: 25/25 MP: 4/9
   859 | D:2      | Reached skill level 1 in Invocations
  1294 | D:3      | Learned a level 3 spell: Frozen Ramparts
  1298 | D:3      | Learned a level 3 spell: Ozocubu's Armour
  1463 | D:3      | Reached skill level 1 in Fighting
  1463 | D:3      | Reached skill level 1 in Short Blades
  1463 | D:3      | Reached skill level 1 in Long Blades
  1463 | D:3      | Reached skill level 1 in Axes
  1463 | D:3      | Reached skill level 1 in Maces & Flails
  1463 | D:3      | Reached skill level 1 in Polearms
  1463 | D:3      | Reached skill level 1 in Staves
  1463 | D:3      | Reached skill level 1 in Slings
  1463 | D:3      | Reached skill level 1 in Bows
  1463 | D:3      | Reached skill level 1 in Crossbows
  1463 | D:3      | Reached skill level 1 in Throwing
  1463 | D:3      | Reached skill level 1 in Armour
  1463 | D:3      | Reached skill level 1 in Shields
  1463 | D:3      | Reached skill level 1 in Unarmed Combat
  1463 | D:3      | Reached skill level 1 in Evocations
  1463 | D:3      | Reached XP level 4. HP: 32/32 MP: 0/11
  2126 | D:3      | Reached skill level 1 in Conjurations
  2126 | D:3      | Reached skill level 1 in Hexes
  2126 | D:3      | Reached skill level 1 in Summonings
  2126 | D:3      | Reached skill level 1 in Necromancy
  2126 | D:3      | Reached skill level 1 in Translocations
  2126 | D:3      | Reached skill level 1 in Transmutations
  2126 | D:3      | Reached skill level 1 in Fire Magic
  2126 | D:3      | Reached skill level 1 in Air Magic
  2126 | D:3      | Reached skill level 1 in Earth Magic
  2126 | D:3      | Reached skill level 1 in Poison Magic
  2126 | D:3      | Reached XP level 5. HP: 27/37 MP: 8/12
  2804 | D:4      | Found a burning altar of Makhleb.
  2814 | D:4      | Found a shimmering blue altar of Sif Muna.
  2826 | D:4      | Reached XP level 6. HP: 29/44 MP: 7/13
  3023 | D:4      | Found a runed translucent door.
  3024 | D:4      | Noticed Crazy Yiuf
  3256 | D:4      | Reached skill level 5 in Dodging
  3489 | D:4      | Found a blossoming altar of Fedhas.
  3543 | D:4      | Found a radiant altar of Vehumet.
  3648 | D:4      | Killed Crazy Yiuf
  3874 | D:5      | Entered Level 5 of the Dungeon
  3916 | D:5      | Found a hide-covered altar of Uskayaw.
  4049 | D:5      | Noticed an orc warrior
  4050 | D:5      | Found a glowing drain.
  4074 | D:5      | Killed an orc warrior
  4075 | D:5      | Reached XP level 7. HP: 26/50 MP: 9/15
  4288 | Sewer    | Entered a sewer
  4705 | Sewer    | Reached skill level 5 in Stealth
  6289 | D:5      | Reached XP level 8. HP: 46/57 MP: 4/16
  6387 | D:5      | Found an ornate altar of the Wu Jian Council.
  7475 | D:5      | Found a hazy altar of Hepliaklqana.
  7955 | D:6      | Noticed Grinder
  7978 | D:6      | Paralysed by Grinder for 7 turns
  7986 | D:6      | Killed Grinder
  8504 | D:6      | Reached XP level 9. HP: 52/65 MP: 18/18
  8743 | D:6      | Found a stormy altar of Qazlal.
  9605 | D:6      | Found a basalt altar of Yredelemnul.
 10519 | D:7      | Reached skill level 8 in Ice Magic
 10821 | D:7      | Found an ancient bone altar of Kikubaaqudgha.
 10912 | D:7      | Found an iron altar of Okawaru.
 11076 | D:7      | Found a staircase to the Ecumenical Temple.
 11102 | D:7      | Reached skill level 5 in Invocations
 11586 | Temple   | Entered the Ecumenical Temple
 11657 | Temple   | Became a worshipper of Gozag Ym Sagoz the Greedy
 11927 | D:7      | Noticed Maggie
 11946 | D:7      | Killed Maggie
 11947 | D:7      | Reached XP level 10. HP: 11/73 MP: 9/20
 12257 | D:7      | Noticed Menkaure
 12268 | D:7      | Killed Menkaure
 12760 | D:8      | Reached skill level 5 in Fighting
 12760 | D:8      | Reached skill level 5 in Short Blades
 12760 | D:8      | Reached skill level 5 in Long Blades
 12760 | D:8      | Reached skill level 5 in Axes
 12760 | D:8      | Reached skill level 5 in Maces & Flails
 12760 | D:8      | Reached skill level 5 in Polearms
 12760 | D:8      | Reached skill level 5 in Staves
 12760 | D:8      | Reached skill level 5 in Slings
 12760 | D:8      | Reached skill level 5 in Bows
 12760 | D:8      | Reached skill level 5 in Crossbows
 12760 | D:8      | Reached skill level 5 in Throwing
 12760 | D:8      | Reached skill level 5 in Armour
 12760 | D:8      | Reached skill level 5 in Shields
 12760 | D:8      | Reached skill level 5 in Unarmed Combat
 12760 | D:8      | Reached skill level 5 in Evocations
 12997 | D:8      | Found a sand-covered staircase.
 13035 | Ossuary  | Entered an ossuary
 14107 | D:8      | Found the +0 staff of Battle
 14407 | D:8      | Found a shadowy altar of Dithmenos.
 14990 | D:9      | Paralysed by a hornet for 1 turns
 15027 | D:9      | HP: 3/74 [orc warrior/+0 battleaxe (6)]
 15030 | D:9      | Slain by a killer bee

Illustrated notes

Levels and vault maps discovered:
D:1:      dpeg_arrival_brainrot, layout_basic,
          nicolae_ecumenical_snake_handling, serial_shops,
          nicolae_shop_advertising_works [nicolae_subvault_shop_adworks],
          nicolae_square_shop, nicolae_shop_crystal, nicolae_diamond_shop
D:2:      layout_loops_ring, st_stairs_8
D:3:      layout_basic
D:4:      layout_basic, fedhas_altar_4, general_overflow_altar,
          grunt_temple_overflow_open, uniq_crazy_yiuf_cottage
D:5:      layout_cave_pools, amcnicky_altar_gilded, lemuel_round_altar,
          gup_sewer_entry_glass, minmay_ruined_shrine
D:6:      layout_cave_pools, mainiacjoe_overflow_boulevard,
          lemuel_coloured_pillars_altar, uniq_grinder
D:7:      layout_loops_ring, overflow_temple_1_default,
          nicolae_kikubaaqudgha_miasma_corner, minmay_temple_entry_ruins,
          uniq_menkaure, uniq_maggie
D:8:      layout_cave_pools, mainiacjoe_overflow_brackets, enter_ossuary_4,
          hellmonk_guarded_unrand_staff_of_battle
D:9:      layout_roguey, david_orc_5
Temple:   eino_wide_crystal_templ

Skill      XL: |  1  2  3  4  5  6  7  8  9 10 |
---------------+-------------------------------+-----
Spellcasting   | 5 6 7 |  7.4
Invocations    | 1 2 3 4 5 6 |  6.0
Fighting       | 1 2 3 4 5 |  5.4
Short Blades   | 1 2 3 4 5 |  5.4
Long Blades    | 1 2 3 4 5 |  5.4
Axes           | 1 2 3 4 5 |  5.4
Maces & Flails | 1 2 3 4 5 |  5.4
Polearms       | 1 2 3 4 5 |  5.4
Staves         | 1 2 3 4 5 |  5.4
Slings         | 1 2 3 4 5 |  5.4
Bows           | 1 2 3 4 5 |  5.4
Crossbows      | 1 2 3 4 5 |  5.4
Throwing       | 1 2 3 4 5 |  5.4
Armour         | 1 2 3 4 5 |  5.4
Shields        | 1 2 3 4 5 |  5.4
Unarmed Combat | 1 2 3 4 5 |  5.4
Evocations     | 1 2 3 4 5 |  5.4
Conjurations   | 1 2 3 4 |  4.4
Hexes          | 1 2 3 4 |  4.4
Summonings     | 1 2 3 4 |  4.4
Necromancy     | 1 2 3 4 |  4.4
Translocations | 1 2 3 4 |  4.4
Transmutations | 1 2 3 4 |  4.4
Fire Magic     | 1 2 3 4 |  4.4
Air Magic      | 1 2 3 4 |  4.4
Earth Magic    | 1 2 3 4 |  4.4
Poison Magic   | 1 2 3 4 |  4.4
Dodging        | 5 6 7 |  7.2
Stealth        | 5 6 |  6.9
Ice Magic      | 8 |  8.5

Action                   |  1- 3 |  4- 6 |  7- 9 | 10-12 || total
-------------------------+-------+-------+-------+-------++-------
Melee: Unarmed           |     7 |    17 |       |       ||    24
       Bite              |       |     5 |    33 |    12 ||    50
       Punch             |       |     1 |     9 |     8 ||    18
       Trident           |       |    18 |   119 |       ||   137
       Flail             |       |       |   153 |    89 ||   242
       Staff             |       |       |       |    27 ||    27
 Cast: Freeze            |    30 |    42 |    11 |       ||    83
       Frozen Ramparts   |     1 |     8 |    38 |    14 ||    61
       Ozocubu's Armour  |     1 |     2 |    28 |    15 ||    46
Invok: Potion Petition   |       |       |       |     1 ||     1
Evoke: Wand              |       |       |     2 |     3 ||     5
  Use: Potion            |       |       |     8 |       ||     8
 Stab: Sleeping          |       |     1 |     2 |     3 ||     6
       Distracted        |       |       |     2 |       ||     2
Armor: Robe              |       |    12 |    22 |       ||    34
       Leather armour    |       |       |    64 |    31 ||    95
Dodge: Dodged            |    20 |    50 |   213 |   114 ||   397
